[Event "Titled Tuesday Blitz January 10 Early 2023"]
[White "AidenRchess"]
[Black "Sailer, Mike"]
[BlackFideId "2012901"]
[WhiteElo "2385"]
[BlackElo "2109"]
[Result "1-0"]
[Round "05"]
[TimeControl "180+2"]
[Date "2023.01.10"]
[WhiteClock "0:01:19"]
[BlackClock "0:00:26"]

1. e4 d5 2. exd5 Qxd5 3. Nc3 Qd6 4. Bc4 Nf6 5. Nf3 c6 6. d4 Bg4 7. Be3 e6 8. h3 Bh5 9. a3 a5 10. Be2 Nbd7 11. Qd2 Be7 12. Bf4 e5 13. dxe5 Qxd2+ 14. Nxd2 Bxe2 15. exf6 Bxf6 16. Nxe2 Bxb2 17. Rb1 Bxa3 18. Rxb7 Nc5 19. Rb6 O-O 20. O-O Rfe8 21. Nd4 Bb4 22. Nxc6 Na4 23. Rb7 Nc5 24. Rb5 Re2 25. Nxb4 axb4 26. Rxc5 1-0


[Site "https://www.chess.com"]

[Event "Titled Tuesday Blitz January 10 Early 2023"]
[White "Tarnowska, Aleksandra"]
[Black "Kuznecovs, Nikita"]
[WhiteFideId "1180967"]
[BlackFideId "11604557"]
[WhiteElo "1835"]
[BlackElo "2287"]
[Result "0-1"]
[Round "05"]
[TimeControl "180+2"]
[Date "2023.01.10"]
[WhiteClock "0:00:01"]
[BlackClock "0:00:13"]

1. e4 e6 2. d4 d5 3. Nd2 Be7 4. c3 c5 5. exd5 exd5 6. Bb5+ Nc6 7. Ne2 Nf6 8. O-O O-O 9. Nf3 a6 10. Bd3 c4 11. Bc2 Bg4 12. Ng3 Re8 13. h3 Bd7 14. Bf4 Bf8 15. Ne5 h6 16. Nxd7 Qxd7 17. Bf5 Qd8 18. Qf3 Ne7 19. Bc2 Ng6 20. Rfe1 Nxf4 21. Qxf4 Qb6 22. Rxe8 Rxe8 23. Rb1 Bd6 24. Qf5 Bxg3 25. fxg3 Qe6 26. Qxe6 fxe6 27. Re1 Nd7 28. Bg6 Re7 29. g4 Nb8 30. Kf2 Nc6 31. Kg3 e5 32. dxe5 Nxe5 33. Bf5 Kf7 34. Rd1 g6 35. Bc2 Ke6 36. Re1 Kd6 37. Rf1 Re6 38. Rf8 Kc5 39. Rc8+ Nc6 40. Rg8 g5 41. Rh8 d4 42. Bf5 Rd6 43. cxd4+ Nxd4 44. Rc8+ Kb4 45. a3+ Kb3 46. Rc7 b5 47. Ra7 Kxb2 48. a4 c3 49. axb5 axb5 50. Rc7 b4 51. Bh7 b3 52. Rc8 c2 0-1


[Site "https://www.chess.com"]

[Event "Titled Tuesday Blitz January 10 Early 2023"]
[White "Karabalis, Harilos"]
[Black "Levine, David"]
[WhiteFideId "4621808"]
[BlackFideId "2011611"]
[WhiteElo "2252"]
[BlackElo "2040"]
[Result "1-0"]
[Round "05"]
[TimeControl "180+2"]
[Date "2023.01.10"]
[WhiteClock "0:00:56"]
[BlackClock "0:00:20"]

1. c4 Nf6 2. Nc3 g6 3. g3 Bg7 4. Bg2 O-O 5. e4 d6 6. Nge2 c5 7. O-O Nc6 8. d3 a6 9. h3 Rb8 10. a4 Ne8 11. Be3 Nc7 12. d4 cxd4 13. Nxd4 Nxd4 14. Bxd4 b5 15. cxb5 axb5 16. a5 b4 17. Nd5 Ne6 18. Bb6 Qd7 19. Qd2 Ba6 20. Rfc1 b3 21. h4 f5 22. exf5 gxf5 23. Nc7 Bb7 24. Nxe6 Qxe6 25. Bxb7 Rxb7 26. Be3 f4 27. Bxf4 Rxf4 28. gxf4 Qg4+ 29. Kf1 Qh3+ 30. Ke2 Qxh4 31. Qd5+ Kf8 32. Rc8# 1-0


[Site "https://www.chess.com"]

[Event "Titled Tuesday Blitz January 10 Early 2023"]
[White "Guevara Sanchez, Erick Marvin"]
[Black "Buscar, Michael"]
[WhiteFideId "6700136"]
[BlackFideId "2603616"]
[WhiteElo "2073"]
[BlackElo "2041"]
[Result "0-1"]
[Round "05"]
[TimeControl "180+2"]
[Date "2023.01.10"]
[WhiteClock "0:00:08"]
[BlackClock "0:00:13"]

1. e4 c5 2. Nf3 Nc6 3. d4 cxd4 4. Nxd4 Nf6 5. Nc3 e5 6. Ndb5 h6 7. Nd5 Nxd5 8. exd5 a6 9. Nc3 Nb8 10. d6 Nc6 11. Bc4 Qf6 12. Ne4 Qg6 13. Qf3 Nd4 14. Qd3 f5 15. Ng3 Bxd6 16. c3 Nc6 17. Nxf5 Bc5 18. Be3 Bxe3 19. Nd6+ Ke7 20. Qxg6 Bg5 21. Nf5+ Kd8 22. h4 Bf6 23. O-O-O b5 24. Bb3 Ne7 25. Nxe7 Kxe7 26. Qf7+ Kd8 27. g4 Re8 28. Kb1 Re7 29. Qg8+ Kc7 30. Qd5 Bb7 31. Qd6+ Kd8 32. Rhe1 Rc8 33. g5 hxg5 34. hxg5 Bxg5 35. Rxe5 Rc6 36. Qd4 Bf6 37. Rxe7 Bxd4 38. Rf7 Rf6 39. Rxd4 Rxf7 40. Bxf7 Ke7 41. Bb3 Bc6 42. Rg4 Kf6 43. Kc2 g5 44. Kd3 Kf5 45. Rd4 Ke5 46. Bd5 Bxd5 47. b3 Be6 48. c4 Bf5+ 49. Kc3 b4+ 50. Kxb4 Kxd4 51. Ka5 Bb1 52. a3 Ba2 53. Kxa6 Bxb3 54. a4 Bxa4 55. Kb7 Kxc4 56. Kc7 Kd3 57. Kd6 Ke2 58. Ke5 Kxf2 59. Kf5 d5 60. Kxg5 d4 0-1


[Site "https://www.chess.com"]

[Event "Titled Tuesday Blitz January 10 Early 2023"]
[White "Leve, Nitai"]
[Black "Rosh Jain"]
[WhiteFideId "2006898"]
[BlackFideId "25789465"]
[WhiteElo "2128"]
[BlackElo "2248"]
[Result "1-0"]
[Round "05"]
[TimeControl "180+2"]
[Date "2023.01.10"]
[WhiteClock "0:00:21"]
[BlackClock "0:00:02"]

1. e4 c5 2. Nf3 d6 3. d4 cxd4 4. Qxd4 Nf6 5. Bg5 Nc6 6. Bb5 Bd7 7. Bxc6 bxc6 8. Nc3 e5 9. Qd3 h6 10. Bh4 g5 11. Bg3 Be7 12. O-O-O Be6 13. h4 g4 14. Nd2 Rb8 15. Nc4 Bxc4 16. Qxc4 Qb6 17. b3 h5 18. f3 Rg8 19. Rhf1 a5 20. Kb1 gxf3 21. Rxf3 Rg4 22. Qd3 Qb4 23. Rdf1 Rg6 24. Be1 Qd4 25. Qxd4 exd4 26. Ne2 Rxg2 27. Nxd4 Kd7 28. Bxa5 Nxe4 29. Rxf7 Re8 30. a4 Rg4 31. Nf5 Ke6 32. Ng7+ Kd7 33. Nxe8 Kxe8 34. Rh7 Rxh4 35. Be1 Rh3 36. a5 h4 37. a6 1-0


[Site "https://www.chess.com"]

[Event "Titled Tuesday Blitz January 10 Early 2023"]
[White "Horcajuelo Rocamora, Martin"]
[Black "Kovacevic, Radmila"]
[WhiteFideId "24573027"]
[BlackFideId "933171"]
[WhiteElo "2107"]
[BlackElo "2106"]
[Result "1-0"]
[Round "05"]
[TimeControl "180+2"]
[Date "2023.01.10"]
[WhiteClock "0:01:18"]
[BlackClock "0:00:11"]

1. e4 e5 2. Nf3 d5 3. exd5 e4 4. Qe2 Nf6 5. d3 Qxd5 6. Nc3 Bb4 7. dxe4 Bxc3+ 8. bxc3 Qxe4 9. Qxe4+ Nxe4 10. Bd3 Nc5 11. O-O O-O 12. Ba3 Nbd7 13. Bf5 Re8 14. Rfe1 Ne6 15. Nd4 Nf6 16. Nxe6 Bxe6 17. Bxe6 Rxe6 18. Rxe6 fxe6 19. Rd1 Kf7 20. c4 Re8 21. f3 h6 22. Kf2 b6 23. c5 b5 24. c6 Nd5 25. Bc5 a6 26. Ra1 Rd8 27. a4 Nc3 28. Bb4 Rd2+ 29. Ke3 Rxc2 30. Kd3 Ra2 31. Bxc3 Rxa1 32. Bxa1 bxa4 33. Kc4 a5 34. Kb5 a3 35. Kxa5 Ke7 36. Kb5 g5 37. Be5 a2 38. Kc5 h5 39. g3 g4 40. f4 Kf7 41. Kb4 Ke7 42. Kb5 Kf7 43. Ka6 Kg6 44. Kb7 Kf5 45. Kxc7 Ke4 46. Kd6 Kf3 47. c7 Kg2 48. c8=Q Kxh2 49. Qc2+ Kxg3 50. f5+ Kf3 51. fxe6 g3 52. Qxa2 g2 53. Qd5+ Kf2 54. Bd4+ Kf1 55. Qf3+ 1-0


[Site "https://www.chess.com"]

[Event "Titled Tuesday Blitz January 10 Early 2023"]
[White "Khalafova, Narmin"]
[Black "Johnson, Ben"]
[WhiteFideId "13402625"]
[BlackFideId "2010917"]
[WhiteElo "2246"]
[BlackElo "1961"]
[Result "1/2-1/2"]
[Round "05"]
[TimeControl "180+2"]
[Date "2023.01.10"]
[WhiteClock "0:00:43"]
[BlackClock "0:00:08"]

1. e4 c5 2. Be2 Nc6 3. f4 g6 4. Nf3 Bg7 5. O-O d6 6. c3 Bg4 7. d3 Nf6 8. Be3 O-O 9. Nbd2 Rb8 10. Qe1 b5 11. Qh4 Bxf3 12. Nxf3 Qd7 13. h3 b4 14. Ng5 h6 15. Nf3 bxc3 16. bxc3 Rb2 17. Bd1 Nh7 18. Bb3 Na5 19. Bd1 Rfb8 20. Nh2 Rb1 21. Rxb1 Rxb1 22. Ng4 h5 23. Nh2 Rxd1 24. Rxd1 Bxc3 25. f5 Bd4 26. Bxd4 cxd4 27. Nf3 Qa4 28. Rb1 Nc6 29. Rc1 Nf6 30. fxg6 fxg6 31. Qg5 Kg7 32. e5 dxe5 33. Nxe5 Nxe5 34. Qxe5 Qa3 35. Rc7 Kf7 36. Qxd4 Qa5 37. Qd8 Qe1+ 38. Kh2 Ng4+ 39. hxg4 Qh4+ 40. Kg1 Qe1+ 41. Kh2 Qh4+ 42. Kg1 Qe1+ 43. Kh2 1/2-1/2


[Site "https://www.chess.com"]

[Event "Titled Tuesday Blitz January 10 Early 2023"]
[White "Dinu, Dumitru-Daniel"]
[Black "Tuleyeva-Aketayeva, Dana"]
[WhiteFideId "1208403"]
[BlackFideId "13701932"]
[WhiteElo "2203"]
[BlackElo "2130"]
[Result "1-0"]
[Round "05"]
[TimeControl "180+2"]
[Date "2023.01.10"]
[WhiteClock "0:00:17"]
[BlackClock "0:00:02"]

1. e4 c5 2. Be2 Nc6 3. f4 g6 4. d3 Bg7 5. Nf3 d6 6. O-O Nf6 7. Qe1 O-O 8. Qh4 Bg4 9. c3 b5 10. e5 dxe5 11. fxe5 Nxe5 12. Nxe5 Bxe2 13. Re1 Bxd3 14. Nc6 Qd7 15. Nxe7+ Kh8 16. Bh6 Rae8 17. Nd2 Rxe7 18. Rxe7 Qxe7 19. Re1 Qd8 20. Bg5 Bf5 21. Nf3 b4 22. cxb4 cxb4 23. Nd4 Qb6 24. Kh1 Bd7 25. Rf1 Ne4 26. Qxe4 Qxd4 27. Qxd4 Bxd4 28. Rd1 f6 29. Bh6 Re8 30. h3 Bf5 31. Rxd4 Re1+ 32. Kh2 Kg8 33. Rd8+ Kf7 34. Rf8+ Ke6 35. Re8+ Kf7 36. Rxe1 1-0


[Site "https://www.chess.com"]

[Event "Titled Tuesday Blitz January 10 Early 2023"]
[White "Langner, Ladislav"]
[Black "ritanovikova"]
[WhiteFideId "300403"]
[WhiteElo "2368"]
[BlackElo "2112"]
[Result "1-0"]
[Round "05"]
[TimeControl "180+2"]
[Date "2023.01.10"]
[WhiteClock "0:00:49"]
[BlackClock "0:00:25"]

1. e4 e5 2. Nf3 Nc6 3. Nc3 Nf6 4. d4 exd4 5. Nxd4 Bb4 6. Nxc6 bxc6 7. Bd3 a5 8. O-O Ba6 9. Bxa6 Rxa6 10. Qd3 Ra8 11. Bg5 Be7 12. e5 Ng8 13. Bf4 f6 14. Rfe1 fxe5 15. Bxe5 Kf8 16. Re3 d6 17. Rf3+ Bf6 18. Bxf6 Nxf6 19. Ne4 d5 20. Nxf6 gxf6 21. Re1 Kf7 22. Qf5 Re8 23. Qxh7+ Kf8 24. Qh8+ Kf7 25. Qh5+ Kf8 26. Rxe8+ Qxe8 27. Rxf6+ Ke7 28. Qf5 Qg8 29. Rxc6 Ra7 30. Rg6 Qf7 31. Qe5+ Kd8 32. Rf6 Qg8 33. Qf5 c5 34. Rf8+ 1-0


[Site "https://www.chess.com"]

[Event "Titled Tuesday Blitz January 10 Early 2023"]
[White "Kotepalli, Sai Nirupama"]
[Black "Joubert, Dantelle"]
[WhiteFideId "5039444"]
[BlackFideId "14310813"]
[WhiteElo "1910"]
[BlackElo "1566"]
[Result "1/2-1/2"]
[Round "05"]
[TimeControl "180+2"]
[Date "2023.01.10"]
[WhiteClock "0:00:06"]
[BlackClock "0:00:15"]

1. e4 d5 2. exd5 Qxd5 3. Nc3 Qd6 4. d4 Nf6 5. Nf3 Bf5 6. Be2 e6 7. Be3 c6 8. Ne5 Be7 9. Qd2 Nbd7 10. f4 Nd5 11. Bf2 N7f6 12. Bf3 Qb4 13. g4 Bg6 14. Nxd5 Qxd2+ 15. Kxd2 Nxd5 16. Bg3 f6 17. Nc4 O-O-O 18. c3 h5 19. h3 b5 20. Na5 Be8 21. Rae1 Bd7 22. f5 exf5 23. Bxd5 cxd5 24. Rxe7 hxg4 25. h4 g5 26. h5 f4 27. Be1 g3 28. Ke2 Rxh5 29. Rxh5 Bg4+ 30. Kf1 Bxh5 31. Rxa7 Kb8 32. Nc6+ Kc8 33. Nxd8 Kxd8 34. Rb7 Bg6 35. Rxb5 Bd3+ 36. Kg2 Bxb5 37. Kf3 Ke7 38. b3 Kf7 39. a4 Bd7 40. a5 Kg6 41. a6 Kh5 42. b4 Bc6 43. a7 Bb7 44. b5 Kg6 45. b6 Kf5 46. Bd2 g4+ 47. Kg2 Ke4 48. Bc1 f5 49. Bd2 Ba8 50. Bc1 Bb7 51. Bd2 Kd3 52. Bxf4 Kxc3 53. Be5 Kd3 54. Kxg3 Ke4 55. Bg7 Ba8 56. Be5 Bb7 57. Bg7 Ba8 58. Be5 Bb7 1/2-1/2


[Site "https://www.chess.com"]

[Event "Titled Tuesday Blitz January 10 Early 2023"]
[White "Sargissyan, Sargis"]
[Black "Adam, Ernestina"]
[WhiteFideId "13303210"]
[BlackFideId "165883"]
[WhiteElo "2234"]
[BlackElo "2040"]
[Result "0-1"]
[Round "05"]
[TimeControl "180+2"]
[Date "2023.01.10"]
[WhiteClock "0:00:08"]
[BlackClock "0:00:44"]

1. e4 c6 2. Nf3 d5 3. Nc3 Bg4 4. h3 Bxf3 5. Qxf3 e6 6. Be2 Nf6 7. O-O Nbd7 8. d4 dxe4 9. Nxe4 Nxe4 10. Qxe4 Nf6 11. Qh4 Be7 12. c3 O-O 13. Bd3 c5 14. Bg5 h6 15. Bxf6 Bxf6 16. Qe4 g6 17. dxc5 Qc7 18. b4 Bxc3 19. Rac1 Bg7 20. Rfd1 Rfd8 21. Be2 Rxd1+ 22. Rxd1 Rd8 23. Rxd8+ Qxd8 24. Qxb7 Qd2 25. Qa8+ Kh7 26. Qe4 Qe1+ 27. Kh2 Qxf2 28. c6 Bd4 29. c7 Qg1+ 30. Kg3 Qf2+ 31. Kh2 Qg1+ 32. Kg3 Qe1+ 33. Kh2 Bg1+ 34. Kh1 Bf2+ 0-1


[Site "https://www.chess.com"]

[Event "Titled Tuesday Blitz January 10 Early 2023"]
[White "Liu, Casper"]
[Black "Vargas, Mauricio"]
[WhiteFideId "1454153"]
[BlackFideId "4404572"]
[WhiteElo "2278"]
[BlackElo "2035"]
[Result "1-0"]
[Round "05"]
[TimeControl "180+2"]
[Date "2023.01.10"]
[WhiteClock "0:02:11"]
[BlackClock "0:00:02"]

1. e4 c6 2. d4 d5 3. Nc3 dxe4 4. Nxe4 Nf6 5. Nxf6+ exf6 6. Bd3 Bd6 7. c3 O-O 8. Qc2 Re8+ 9. Ne2 h6 10. Be3 Bg4 11. O-O-O b5 12. h3 Be6 13. g4 Qa5 14. b3 Ba3+ 15. Kb1 Nd7 16. Nf4 Nb6 17. h4 Nd5 18. Nxd5 Bxd5 19. Rhg1 Rac8 20. g5 fxg5 21. hxg5 h5 22. g6 fxg6 23. Bxg6 Re6 24. Bh7+ Kh8 25. Rxg7 Kxg7 26. Rg1+ Kh8 27. Bf4 1-0


[Site "https://www.chess.com"]

[Event "Titled Tuesday Blitz January 10 Early 2023"]
[White "Mohota, Nisha"]
[Black "Forgacs, Attila Jr."]
[WhiteFideId "5004330"]
[BlackFideId "773654"]
[WhiteElo "2177"]
[BlackElo "2264"]
[Result "1-0"]
[Round "05"]
[TimeControl "180+2"]
[Date "2023.01.10"]
[WhiteClock "0:00:05"]
[BlackClock "0:00:02"]

1. e4 e5 2. Nf3 Nc6 3. Bb5 a6 4. Ba4 Nf6 5. O-O Be7 6. Re1 b5 7. Bb3 O-O 8. h3 Bb7 9. d3 d6 10. a3 Qd7 11. Nc3 h6 12. Nd5 Nxd5 13. Bxd5 Nd8 14. Bxb7 Nxb7 15. d4 exd4 16. Nxd4 Bf6 17. Nf5 Rfe8 18. Qg4 Qe6 19. Nxh6+ Kf8 20. Nf5 Nc5 21. f3 Nd7 22. Qh5 g6 23. Qh6+ Kg8 24. Ng3 Qe5 25. f4 Qc5+ 26. Be3 Qxc2 27. f5 Bg7 28. Qg5 Ne5 29. f6 Bf8 30. Nf5 Qxe4 31. Nh6+ Kh7 32. Bd2 Qd4+ 33. Kh1 Nd3 34. Rxe8 Rxe8 35. Nxf7 Nf2+ 36. Kh2 Ne4 37. Qh4+ Kg8 38. Nh6+ Bxh6 39. Qxh6 Qe5+ 40. Kg1 Qd4+ 41. Kh1 Nf2+ 42. Kh2 Qxf6 43. Bc3 1-0


[Site "https://www.chess.com"]

[Event "Titled Tuesday Blitz January 10 Early 2023"]
[White "Ivanova, Karina"]
[Black "Topalov, Aleksandar"]
[WhiteFideId "24139750"]
[BlackFideId "925659"]
[WhiteElo "2085"]
[BlackElo "2233"]
[Result "0-1"]
[Round "05"]
[TimeControl "180+2"]
[Date "2023.01.10"]
[WhiteClock "0:00:04"]
[BlackClock "0:00:17"]

1. Nf3 Nf6 2. g3 g6 3. Bg2 Bg7 4. O-O O-O 5. d4 c5 6. c4 cxd4 7. Nxd4 Nc6 8. Nc3 Nxd4 9. Qxd4 d6 10. b3 a6 11. Bb2 Rb8 12. a4 Bd7 13. Rfb1 Bc6 14. Nd5 Bxd5 15. Bxd5 a5 16. Qd2 Nxd5 17. Bxg7 Kxg7 18. Qxd5 Qb6 19. Qb5 Qc7 20. b4 b6 21. Qd5 Rfc8 22. bxa5 bxa5 23. Rxb8 Rxb8 24. Rc1 Qc5 25. Qe4 e6 26. Qd3 Rb4 27. Qc3+ Kg8 28. Qc2 Qb6 29. c5 dxc5 30. Qxc5 Qxc5 31. Rxc5 Rxa4 32. Rc8+ Kg7 33. Ra8 h5 34. h4 Ra2 35. Kg2 e5 36. e4 a4 37. Ra6 a3 38. Kf3 Ra1 39. Ra5 a2 40. Ra8 Kf6 41. Ra6+ Ke7 42. Ra7+ Kd6 43. Ra6+ Kc5 44. Ra8 Kd4 45. Ra4+ Kd3 46. Ra3+ Kd2 47. Ra8 Ke1 48. Ke3 Kf1 49. Ra5 Re1+ 50. Kd2 a1=Q 0-1


[Site "https://www.chess.com"]

[Event "Titled Tuesday Blitz January 10 Early 2023"]
[White "Simonovic, Miroslav"]
[Black "Gressmann, Moritz"]
[WhiteFideId "919152"]
[BlackFideId "24695084"]
[WhiteElo "2082"]
[BlackElo "2129"]
[Result "1/2-1/2"]
[Round "05"]
[TimeControl "180+2"]
[Date "2023.01.10"]
[WhiteClock "0:00:37"]
[BlackClock "0:00:12"]

1. d4 Nf6 2. Bg5 Ne4 3. h4 f6 4. Bf4 d5 5. Nd2 Nc6 6. Nxe4 dxe4 7. c3 Bf5 8. e3 a6 9. f3 exf3 10. Nxf3 e6 11. Bd3 Bg4 12. Qc2 Bxf3 13. gxf3 Qd5 14. Be4 Qh5 15. Bxc6+ bxc6 16. Qe4 Qd5 17. Bxc7 Qxe4 18. fxe4 Kd7 19. Bf4 Bd6 20. Bxd6 Kxd6 21. Kd2 Rab8 22. b4 a5 23. a3 axb4 24. axb4 Ra8 25. Kd3 e5 26. Ra5 Rxa5 27. bxa5 Ra8 28. Ra1 Ra6 29. c4 g5 30. c5+ Ke6 31. hxg5 fxg5 32. Kc4 h5 33. d5+ Kd7 34. Kb4 g4 35. Rh1 cxd5 36. Rxh5 dxe4 37. Rxe5 Rg6 38. Rxe4 g3 39. Rd4+ Kc7 40. Rd1 Kc6 41. Rg1 Rg4+ 42. Kc3 Kxc5 43. Kd3 Kb5 44. Ke2 Kxa5 45. Kf3 Rg8 46. Rxg3 Rf8+ 47. Ke4 Kb6 48. Rg1 Kc6 49. Rd1 Re8+ 50. Kf3 Rf8+ 51. Ke2 Re8 52. Rd4 Kc5 53. Rd7 Kc6 54. Rd2 Kc5 55. Kf3 Rf8+ 56. Ke4 Re8+ 57. Kf4 Rf8+ 58. Kg5 Rg8+ 59. Kf6 Re8 60. Rd3 Kc4 61. Ra3 Kb4 62. Kf7 Re4 63. Rd3 Kc4 64. Ra3 Kb4 65. Rd3 Kc4 66. Rd4+ Rxd4 67. exd4 Kxd4 1/2-1/2


[Site "https://www.chess.com"]

[Event "Titled Tuesday Blitz January 10 Early 2023"]
[White "Hoffmann, Asa"]
[Black "Mitrovic, Darko R"]
[WhiteFideId "2001470"]
[BlackFideId "927023"]
[WhiteElo "2185"]
[BlackElo "2220"]
[Result "0-1"]
[Round "05"]
[TimeControl "180+2"]
[Date "2023.01.10"]
[WhiteClock "0:00:14"]
[BlackClock "0:00:03"]

1. d4 Nf6 2. Bg5 e6 3. Nd2 Be7 4. e3 d5 5. Bd3 c5 6. c3 Nc6 7. f4 Nd7 8. Ngf3 Bxg5 9. Nxg5 Nf6 10. O-O Qe7 11. e4 cxd4 12. cxd4 Nxd4 13. exd5 Nxd5 14. Nde4 O-O 15. Nc3 g6 16. Bxg6 fxg6 17. Qxd4 Nxc3 18. Qxc3 Bd7 19. Rae1 Rae8 20. Re5 Bc6 21. g3 Qf6 22. Rfe1 h6 23. Ne4 Bxe4 24. R1xe4 Rf7 25. Qe3 Rfe7 26. Kg2 h5 27. Qxa7 Kf7 28. Qe3 Rd7 29. h4 Rd6 30. Qf3 Red8 31. Re2 Rd3 32. Qxb7+ R8d7 33. Qe4 Rd2 34. Qe3 Rxe2+ 35. Qxe2 Qe7 36. Re3 Qd6 37. Kf2 Qd5 38. b3 Qh1 39. Qf3 Rd1 40. Re2 Qg1# 0-1


[Site "https://www.chess.com"]

[Event "Titled Tuesday Blitz January 10 Early 2023"]
[White "Mohammadian, Mohammad"]
[Black "Prudnykova, Olga"]
[WhiteFideId "12566055"]
[BlackFideId "14121093"]
[WhiteElo "1398"]
[BlackElo "2268"]
[Result "0-1"]
[Round "05"]
[TimeControl "180+2"]
[Date "2023.01.10"]
[WhiteClock "0:00:01"]
[BlackClock "0:00:24"]

1. e4 c5 2. Nf3 Nf6 3. e5 Nd5 4. c3 e6 5. d4 b6 6. Bc4 Bb7 7. O-O Be7 8. Re1 d6 9. Nbd2 cxd4 10. cxd4 Nd7 11. b3 O-O 12. Bb2 Rc8 13. Rc1 dxe5 14. dxe5 Nc5 15. Ne4 Nxe4 16. Rxe4 Nb4 17. Qxd8 Rfxd8 18. Ree1 a5 19. a3 Nd3 20. Bxd3 Rxd3 21. Rxc8+ Bxc8 22. Rc1 Bb7 23. h3 Bc5 24. b4 axb4 25. axb4 Bxb4 26. Rc7 Bxf3 27. Rc8+ Bf8 28. gxf3 g6 29. Kg2 Kg7 30. Bc1 Be7 31. Be3 b5 32. Rb8 Rd5 33. f4 h5 34. Kf3 b4 35. Ke4 Ra5 36. h4 Ra4 37. Kd3 Ra3+ 38. Kc2 Rc3+ 39. Kb2 Rd3 40. Rb7 Bxh4 41. Rxb4 Bxf2 42. Bxf2 Rd2+ 43. Kc3 Rxf2 44. Kd4 Rxf4+ 45. Kc5 Rxb4 46. Kxb4 h4 47. Kc3 h3 48. Kd3 h2 49. Ke2 h1=Q 50. Kf2 Qd5 0-1


[Site "https://www.chess.com"]

[Event "Titled Tuesday Blitz January 10 Early 2023"]
[White "Vlassov, Nikolai"]
[Black "Kornyukov, Alexey"]
[WhiteFideId "4103360"]
[BlackFideId "4150457"]
[WhiteElo "2283"]
[BlackElo "2452"]
[Result "1-0"]
[Round "05"]
[TimeControl "180+2"]
[Date "2023.01.10"]
[WhiteClock "0:00:52"]
[BlackClock "0:00:51"]

1. e4 c6 2. d4 d5 3. e5 Bf5 4. Nf3 e6 5. Be2 c5 6. c4 Nc6 7. cxd5 exd5 8. O-O c4 9. b3 Bxb1 10. Rxb1 cxb3 11. Qxb3 Rb8 12. Bb5 Qc7 13. Qxd5 Ne7 14. Qe4 a6 15. Ba4 b5 16. Bb3 g6 17. d5 Na5 18. d6 Qc6 19. Qf4 Nf5 20. d7+ Qxd7 21. e6 Qd6 22. exf7+ Kd8 23. Rd1 Nxb3 24. Rxd6+ Bxd6 25. Qe4 Nc5 26. Qc6 Rc8 27. Bg5+ Be7 28. Rd1+ Nd6 29. Rxd6+ Nd7 30. Rxd7# 1-0


[Site "https://www.chess.com"]

[Event "Titled Tuesday Blitz January 10 Early 2023"]
[White "Ghosh, Chanchal Kumer"]
[Black "Kaplan, Avi Harrison"]
[WhiteFideId "10201858"]
[BlackFideId "30934559"]
[WhiteElo "2020"]
[BlackElo "2146"]
[Result "0-1"]
[Round "05"]
[TimeControl "180+2"]
[Date "2023.01.10"]
[WhiteClock "0:00:29"]
[BlackClock "0:00:14"]

1. e4 d6 2. Nf3 Nf6 3. Nc3 e5 4. h3 Be7 5. d4 Nbd7 6. Bc4 h6 7. a3 O-O 8. O-O c6 9. Bb3 Qc7 10. Re1 Rd8 11. Be3 Nf8 12. Qd2 Ng6 13. Bxh6 gxh6 14. Qxh6 Bf8 15. Qxg6+ Bg7 16. dxe5 d5 17. Qg5 Nxe4 18. Nxe4 dxe4 19. Rxe4 Re8 20. Qh5 Be6 21. Ng5 Bxb3 22. cxb3 Rxe5 23. Rae1 Rae8 24. Rxe5 Rxe5 25. Rxe5 Bxe5 26. g3 Qe7 27. h4 Bd4 28. Qh7+ Kf8 29. Qf5 Bxb2 30. h5 Bc1 31. Nh7+ Kg7 32. h6+ Bxh6 33. g4 Bd2 34. g5 Bc3 35. Nf6 Bxf6 36. gxf6+ Qxf6 37. Qg4+ Qg6 38. Qxg6+ Kxg6 39. Kg2 Kf5 40. Kf3 Ke5 41. Ke3 Kd5 42. f4 f5 43. Kd3 c5 44. b4 c4+ 45. Kc3 b5 46. a4 a6 47. axb5 axb5 48. Kd2 Ke4 49. Ke2 Kxf4 50. Kd2 Ke4 51. Kc3 f4 52. Kd2 Kf3 53. Kc2 Ke2 54. Kc3 f3 55. Kd4 f2 56. Kc5 f1=Q 57. Kxb5 c3 58. Kc5 c2 59. b5 c1=Q+ 60. Kb6 Qf6+ 61. Ka5 Qd6 62. b6 Qcc5+ 63. Ka4 Qdc6+ 64. Kb3 Q6xb6+ 0-1


[Site "https://www.chess.com"]

[Event "Titled Tuesday Blitz January 10 Early 2023"]
[White "Silvestre, Christian"]
[Black "Clawitter, Craig"]
[WhiteFideId "30956269"]
[BlackFideId "2023105"]
[WhiteElo "1942"]
[BlackElo "2050"]
[Result "0-1"]
[Round "05"]
[TimeControl "180+2"]
[Date "2023.01.10"]
[WhiteClock "0:01:14"]
[BlackClock "0:00:49"]

1. e4 e6 2. d4 d5 3. Nc3 Bb4 4. e5 c5 5. a3 Bxc3+ 6. bxc3 Ne7 7. Qg4 Qc7 8. Qxg7 Rg8 9. Qxh7 cxd4 10. Ne2 Nbc6 11. cxd4 Nxd4 12. Nxd4 Qc3+ 13. Ke2 Qxa1 14. Be3 Bd7 15. Kf3 Qd1+ 16. Ne2 d4 17. Bxd4 Bc6+ 18. Kf4 O-O-O 19. c3 Qd2+ 20. Be3 Nd5+ 0-1


[Site "https://www.chess.com"]

[Event "Titled Tuesday Blitz January 10 Early 2023"]
[White "Cardozo Munar, Carlos Eduardo"]
[Black "Pak, Yevgeniy"]
[WhiteFideId "4409477"]
[BlackFideId "14201712"]
[WhiteElo "2043"]
[BlackElo "2384"]
[Result "1-0"]
[Round "05"]
[TimeControl "180+2"]
[Date "2023.01.10"]
[WhiteClock "0:01:40"]
[BlackClock "0:00:06"]

1. d4 g6 2. c3 Bg7 3. Nf3 e6 4. Bf4 d6 5. Nbd2 Nd7 6. e4 Ne7 7. Bd3 Nc6 8. Qe2 e5 9. dxe5 Ndxe5 10. Nxe5 Nxe5 11. Bc2 O-O 12. O-O f5 13. Nf3 fxe4 14. Qxe4 Re8 15. Bb3+ Kh8 16. Ng5 Qf6 17. Rfe1 Be6 18. Nxe6 Rxe6 19. Bxe6 Qxe6 20. Bxe5 dxe5 21. Qxb7 Rd8 22. Rad1 Re8 23. Qxc7 1-0


[Site "https://www.chess.com"]

[Event "Titled Tuesday Blitz January 10 Early 2023"]
[White "Rian, Kapriaga"]
[Black "Michalski, Olaf"]
[WhiteFideId "7103263"]
[BlackFideId "1106740"]
[WhiteElo "2089"]
[BlackElo "2273"]
[Result "1-0"]
[Round "05"]
[TimeControl "180+2"]
[Date "2023.01.10"]
[WhiteClock "0:00:32"]
[BlackClock "0:00:08"]

1. d4 d6 2. Nf3 Bg4 3. Bf4 Bxf3 4. exf3 Nd7 5. Bd3 Ngf6 6. O-O e6 7. c3 d5 8. Re1 c6 9. Nd2 Qb6 10. Rb1 Be7 11. Bg5 h6 12. Bh4 O-O 13. f4 Rfe8 14. f5 exf5 15. Bxf5 Bd6 16. Qc2 Qc7 17. Bg3 Bxg3 18. hxg3 Rxe1+ 19. Rxe1 Re8 20. Qd1 g6 21. Bd3 Kg7 22. Re2 Qd6 23. Qe1 Rxe2 24. Qxe2 b6 25. Nf3 c5 26. a3 Ng4 27. Nd2 cxd4 28. Qxg4 dxc3 29. bxc3 Qxa3 30. Qd4+ Kg8 31. Qxd5 Nc5 32. Bxg6 1-0


[Site "https://www.chess.com"]

[Event "Titled Tuesday Blitz January 10 Early 2023"]
[White "Winkels, Marcel"]
[Black "Guimaraes, Wagner Peixoto"]
[WhiteFideId "1003887"]
[BlackFideId "2100940"]
[WhiteElo "1960"]
[BlackElo "2194"]
[Result "0-1"]
[Round "05"]
[TimeControl "180+2"]
[Date "2023.01.10"]
[WhiteClock "0:00:10"]
[BlackClock "0:00:29"]

1. d4 Nf6 2. Bf4 c5 3. d5 d6 4. Nc3 g6 5. e4 Bg7 6. Qd2 O-O 7. Bh6 e6 8. Bxg7 Kxg7 9. O-O-O exd5 10. exd5 a6 11. h4 h5 12. Nf3 b5 13. Kb1 b4 14. Ne2 Bb7 15. Nf4 Nbd7 16. Bd3 Nb6 17. Bxg6 Nbxd5 18. Nxd5 fxg6 19. Ng5 Bxd5 20. Qxd5 Nxd5 21. Ne6+ Kh7 22. Nxd8 Raxd8 23. Rxd5 Rxf2 24. g4 hxg4 25. h5 g3 26. hxg6+ Kxg6 27. Rg1 g2 28. Rdd1 d5 29. b3 d4 30. Kb2 Re8 31. Rd3 Ree2 32. Rc1 Rxc2+ 33. Rxc2 Rxc2+ 34. Kxc2 g1=Q 35. Rd2 Qe3 36. Rg2+ Kf5 37. Rg8 Qc3+ 38. Kb1 d3 39. Rg5+ Kxg5 40. a4 Qc2+ 41. Ka1 Qc3+ 42. Ka2 d2 43. a5 Qc2+ 44. Ka1 d1=Q# 0-1


[Site "https://www.chess.com"]

[Event "Titled Tuesday Blitz January 10 Early 2023"]
[White "Mendez Machado, Andre"]
[Black "Dilmukhametov, Artur"]
[WhiteFideId "6603793"]
[BlackFideId "24179922"]
[WhiteElo "1974"]
[BlackElo "2276"]
[Result "1-0"]
[Round "05"]
[TimeControl "180+2"]
[Date "2023.01.10"]
[WhiteClock "0:02:27"]
[BlackClock "0:02:12"]

1. e4 e6 2. d4 d5 3. Nd2 Nf6 4. e5 Nfd7 5. Ngf3 c5 6. c3 Nc6 7. Bd3 cxd4 8. cxd4 f6 9. O-O fxe5 10. Nxe5 Bd6 11. Qh5+ Ke7 12. Qf7# 1-0


[Site "https://www.chess.com"]